 Dungeon Crawl Stone Soup version 0.28.0-53-g5a82cb258f (webtiles) character file.

Game seed: 275440169717414272

3860 Sin92 the Skirmisher (level 9, -1/72 HPs)
             Began as a Demonspawn Fighter on July 29, 2022.
             Was an Elder of Okawaru.
             Slain by an orc warrior
             ... wielding a +0 long sword
              (9 damage)
             ... on level 8 of the Dungeon on July 31, 2022.
             The game lasted 00:13:09 (8624 turns).

Sin92 the Skirmisher (Demonspawn Fighter)           Turns: 8624, Time: 00:13:09

Health: -1/72      AC: 18    Str: 22    XL:     9   Next: 99%
Magic:  9/9        EV:  8    Int:  9    God:    Okawaru [****..]
Gold:   445        SH: 10    Dex: 18    Spells: 8/8 levels left

rFire   . . .      SeeInvis .   a - +1 war axe
rCold   . . .      Faith    .   c - +0 buckler
rNeg    . . .      Spirit   .   e - +3 chain mail
rPois   +          Reflect  .   t - +2 helmet
rElec   .          Harm     .   (no cloak)
rCorr   .          Rampage  .   (no gloves)
Will    .....                   (no boots)
Stlth   ..........              (no amulet)
HPRegen 0.22/turn               n - ring of poison resistance
MPRegen 0.11/turn               l - +6 ring of dexterity

@: no status effects
A: molten scales 1, foul stench 2, condensation shield, weakness stinger 1
a: Renounce Religion, Heroism, Finesse


You were on level 8 of the Dungeon.
You worshipped Okawaru.
Okawaru was greatly pleased with you.
You visited 2 branches of the dungeon, and saw 10 of its levels.

You collected 445 gold pieces.

Inventory:

Hand Weapons
 a - a +1 war axe (weapon)
 u - a +2 whip of freezing
Armour
 b - a +0 scale mail
 c - a +0 buckler (worn)
 e - a +3 chain mail (worn)
 t - a +2 helmet (worn)
Jewellery
 d - a ring of fire
 l - a +6 ring of dexterity (right hand)
 n - a ring of poison resistance (left hand)
 r - a +4 ring of protection
Wands
 j - a wand of charming (4)
Scrolls
 f - a scroll of magic mapping
 g - a scroll of brand weapon
 h - a scroll of blinking
 i - a scroll of enchant weapon
 o - a scroll of teleportation
 p - a scroll of identify
Potions
 k - a potion of heal wounds
 m - a potion of mutation
 q - a potion of might
 s - a potion of ambrosia


   Skills:
 + Level 7.1 Fighting
 + Level 6.3(7.2) Axes
 + Level 5.4(6.8) Maces & Flails
 + Level 6.4 Armour
 - Level 1.2 Dodging
 + Level 6.4 Shields


You had 8 spell levels left.
You didn't know any spells.
Your spell library contained the following spells:

 Spells                   Type           Power      Damage    Failure   Level
 Beastly Appendage        Tmut           0%         N/A       98%         1
 Freeze                   Ice            0%         1d3       98%         1
 Static Discharge         Conj/Air       0%         N/A       99%         2
 Wereblood                Tmut           0%         N/A       99%         2
 Frozen Ramparts          Ice            0%         1d2       100%        3
 Inner Flame              Hex/Fire       0%         N/A       100%        3
 Spider Form              Tmut/Pois      0%         N/A       100%        3
 Cause Fear               Hex            0%         N/A       100%        4
 Dispel Undead            Necr           0%         3d6       100%        4
 Hailstorm                Conj/Ice       0%         3d3       100%        4
 Sticky Flame             Conj/Fire      0%         2d3       100%        4
 Discord                  Hex            0%         N/A       100%        8


Dungeon Overview and Level Annotations

Branches:
Dungeon (9/15)             Temple (1/1) D:5
   Lair: D:8-11         Orc: D:9-12

Altars:
Ashenzari
Cheibriados
Dithmenos
Makhleb
Nemelex Xobeh
Okawaru
Qazlal
Ru
Sif Muna
Trog
Xom
Yredelemnul
Zin

Shops:
D:1 =*[:   D:3 (   D:6 !*[   D:7 *

Annotations:
D:8 1 runed translucent door


Innate Abilities, Weirdness & Mutations

You are partially covered in molten scales. (AC +2)
You sometimes emit foul miasma when damaged in melee.
A meltable shield of frost defends you. (SH +4)
You have a small tail.


Message History

The water moccasin closely misses you.
The water moccasin bites you but does no damage.
The bullfrog closely misses you.
The orc warrior hits you but does no damage.
You closely miss the bullfrog.
You tail-slap the bullfrog, but do no damage.
The bullfrog is severely wounded.
You barely miss the orc warrior. You slash the water moccasin!
You barely miss the water moccasin. You block the water moccasin's attack.
The water moccasin bites you but does no damage.
You block the bullfrog's attack. The water moccasin barely misses you.
The orc warrior hits you but does no damage.
You block the water moccasin's attack.
The bullfrog hits you but does no damage.
You hit the bullfrog.
The bullfrog is severely wounded.
You barely miss the water moccasin. You hit the water moccasin.
You hit the orc warrior. The water moccasin bites you!
You block the bullfrog's attack. The water moccasin bites you!
You block the orc warrior's attack.
The water moccasin bites you but does no damage.
You slash the bullfrog!
You kill the bullfrog!
Okawaru accepts your kill.
You slash the orc warrior! You hit the water moccasin.
You kill the water moccasin!
Okawaru accepts your kill.
You can now speed up your combat.
You hit the water moccasin. The water moccasin bites you!
* * * LOW HITPOINT WARNING * * *
The orc warrior hits you with a +0 long sword.
* * * LOW HITPOINT WARNING * * *
The water moccasin bites you but does no damage.
You block the orc warrior's attack.
You hit the orc warrior but do no damage.
You tail-slap the orc warrior, but do no damage.
The orc warrior is heavily wounded.
You miss the water moccasin. The water moccasin bites you!
* * * LOW HITPOINT WARNING * * *
The orc warrior hits you with a +0 long sword!
You die...

#.###.#....##....................
#.....##....................##.##
......#...#...........<##....#..#
##...##...#....................##
.##..####.........#..........#...
..##..............#.........###..
_^.##.............#.......### ##.
....##..........o.####....# ##.
..^^.##...#....>@.#.......### #..
###...#.........S.#.......#.####.
#.#'.##.#.........##........##)..
#..###..#....##...#.........#....
##...........###.................
.......#.....#...###.............
.............#...###...#.........
................###....#.........
.#.............####........##....


You could see an orc warrior and a water moccasin.

Vanquished Creatures
  Pikel (D:8)
  An ugly thing (D:7)
  A centaur zombie (D:6)
  Sigmund (D:6)
  Menkaure (D:4)
  2 water moccasins (D:8)
  An orc warrior (D:8)
  An ice beast (D:6)
  A sky beast (D:6)
  2 black bears (D:9)
  2 necrophages
  4 centaurs
  A lemure (D:8)
  A kobold brigand (D:8)
  4 bullfrogs
  A scorpion (D:4)
  A wyvern skeleton (D:7)
  3 wights
  A howler monkey (D:9)
  2 jellies (D:5)
  A bullfrog zombie (D:6)
  A human zombie (D:8)
  A centaur skeleton (D:4)
  5 hounds
  An iron imp (D:7)
  A bullfrog skeleton (D:7)
  2 iguanas (D:5)
  An orc wizard (D:8)
  A hound skeleton (D:4)
  A howler monkey zombie (D:8)
  5 adders
  3 gnolls (D:5)
  A white imp (D:6)
  4 adder skeletons (D:4)
  7 worms
  6 dart slugs
  14 orcs
  3 bats
  5 endoplasms
  4 giant cockroaches
  8 goblins
  7 hobgoblins
  3 jackals (D:1)
  6 kobolds
  A quokka (D:3)
  5 ball pythons
  6 frilled lizards
  6 rats
141 creatures vanquished.

Vanquished Creatures (others)
  30 fungi
  30 plants
60 creatures vanquished.

Grand Total: 201 creatures vanquished

Notes
Turn   | Place    | Note
-------+----------+-------------------------------------------
     0 | D:1      | Sin92 the Demonspawn Fighter began the quest for the Orb.
     0 | D:1      | Reached XP level 1. HP: 18/18 MP: 1/1
   156 | D:1      | Found Seemyr's Jewellery Shoppe.
   162 | D:1      | Gained mutation: You may rarely emit foul miasma when
                  | damaged in melee. [demonic ancestry]
   162 | D:1      | Reached XP level 2. HP: 24/24 MP: 2/2
   187 | D:1      | Found Xulieblyro's General Store.
   334 | D:1      | Found Fum Xup's Book Boutique.
   420 | D:1      | Found Haru's Armour Boutique.
   585 | D:1      | Gained mutation: You have a small tail. [demonic ancestry]
   585 | D:1      | Reached XP level 3. HP: 29/29 MP: 3/3
   936 | D:2      | Reached skill level 1 in Dodging
   969 | D:2      | Found a faded altar of an unknown god.
  1581 | D:3      | Gained mutation: A meltable shield of frost defends you.
                  | (SH +4) [demonic ancestry]
  1581 | D:3      | Reached XP level 4. HP: 26/35 MP: 4/4
  2080 | D:3      | Found Naluq's Weapon Shop.
  3219 | D:4      | Noticed Menkaure
  3228 | D:4      | Killed Menkaure
  3229 | D:4      | Reached skill level 1 in Maces & Flails
  3229 | D:4      | Gained mutation: You are partially covered in molten
                  | scales. (AC +2) [demonic ancestry]
  3229 | D:4      | Reached XP level 5. HP: 11/42 MP: 5/5
  3483 | D:4      | Gained mutation: You sometimes emit foul miasma when
                  | damaged in melee. [demonic ancestry]
  3483 | D:4      | Reached XP level 6. HP: 48/48 MP: 6/6
  3578 | D:4      | Reached skill level 4 in Fighting
  3961 | D:4      | Found a burning altar of Makhleb.
  4035 | D:5      | Entered Level 5 of the Dungeon
  4072 | D:5      | Reached XP level 7. HP: 49/55 MP: 7/7
  5045 | D:5      | Found a staircase to the Ecumenical Temple.
  5138 | Temple   | Entered the Ecumenical Temple
  5167 | Temple   | Became a worshipper of Warmaster Okawaru
  5215 | D:6      | Found Zygruur's General Store.
  5290 | D:6      | Found Peroriti's Armour Emporium.
  5609 | D:6      | Noticed Sigmund
  5619 | D:6      | Killed Sigmund
  5620 | D:6      | Reached skill level 5 in Fighting
  5620 | D:6      | Reached XP level 8. HP: 59/62 MP: 8/8
  5670 | D:6      | Found Cejy's Distillery.
  5731 | D:6      | Reached * piety under Okawaru
  5920 | D:6      | Reached skill level 5 in Armour
  5920 | D:6      | Reached skill level 5 in Shields
  6218 | D:6      | Found a shadowy altar of Dithmenos.
  6219 | D:6      | Found a stormy altar of Qazlal.
  6346 | D:7      | Found a snail-covered altar of Cheibriados.
  6353 | D:7      | Reached skill level 5 in Axes
  6582 | D:7      | Found a shimmering altar of Xom.
  6640 | D:7      | Found a broken altar of Ashenzari.
  6736 | D:7      | Reached ** piety under Okawaru
  6752 | D:7      | Found Tuted's Assorted Antiques.
  6818 | D:7      | Reached skill level 6 in Fighting
  6818 | D:7      | Reached XP level 9. HP: 64/69 MP: 9/9
  6901 | D:7      | Noticed a purple ugly thing
  6910 | D:7      | Killed a purple ugly thing
  8080 | D:8      | Found a sparkling altar of Nemelex Xobeh.
  8196 | D:8      | Reached *** piety under Okawaru
  8392 | D:8      | Found a runed translucent door.
  8422 | D:8      | Found a basalt altar of Yredelemnul.
  8434 | D:8      | Noticed Pikel
  8442 | D:8      | Killed Pikel
  8443 | D:8      | Reached skill level 5 in Maces & Flails
  8594 | D:9      | Reached skill level 7 in Fighting
  8622 | D:8      | Reached **** piety under Okawaru
  8624 | D:8      | Slain by an orc warrior

Illustrated notes

Levels and vault maps discovered:
D:1:      lightli_arrival_noodles, layout_basic, serial_shops, shop,
          nicolae_shop_temple_entry_statues_fountains, shop, shop_statue,
          hex_large
D:2:      layout_basic, shapermc_ecumenical_altar_mp_ritualfount
D:3:      minmay_chambers_of_twos, layout_basic, serial_curves, eino_curves_02,
          eino_curves_01, serial_shops, nicolae_shop_crystal
D:4:      layout_loops_cross, makhleb_blood_cavern_becter, uniq_menkaure
D:5:      layout_loops_corners, minmay_temple_entry_gardened_gates,
          amcnicky_mini_pool_small
D:6:      layout_basic, minitemple, serial_shops, kennysheep_mini_moat,
          nicolae_square_shop, shop, serial_bayou_pond_e, uniq_sigmund
D:7:      layout_basic, slow_altar_1, mainiacjoe_overflow_cross_hatched,
          xom_teletrap_fun, serial_shops, shop
D:8:      layout_cave_pools, nemelex_spade_bored_becter, dk_yredelemnul_ordeal,
          amcnicky_mini_corridor_feature, uniq_pikel
D:9:      layout_irregular_city, nzn_wu_jian_contemplation,
          due_lair_maze_entry_diamond
Temple:   nicolae_temple_god_jail

Skill      XL: |  1  2  3  4  5  6  7  8  9 |
---------------+----------------------------+-----
Axes           | 2 3 4 5 6 |  6.3
Armour         | 3 4 5 6 |  6.4
Shields        | 3 4 5 6 |  6.4
Dodging        | 1 |  1.2
Maces & Flails | 1 2 3 4 5 |  5.4
Fighting       | 4 5 6 7 |  7.1

Action                   |  1- 3 |  4- 6 |  7- 9 || total
-------------------------+-------+-------+-------++-------
Melee: War axe           |   104 |   125 |   234 ||   463
       Tailslap          |     7 |    16 |    40 ||    63
  Use: Potion            |       |     1 |     4 ||     5
       Scroll            |       |     9 |     5 ||    14
Armor: Scale mail        |     7 |       |       ||     7
       Chain mail        |    59 |    66 |   166 ||   291
Dodge: Dodged            |    49 |    28 |    82 ||   159
Block: Buckler           |    24 |    59 |   142 ||   225
